 Dungeon Crawl Stone Soup version 0.31.0-32-g396128a36d (webtiles) character file.

Game seed: 8708147172631405439

199 Kzare the Conjurer (level 5, -1/28 HPs)
             Began as a Deep Elf Conjurer on Apr 17, 2024.
             Was a Follower of Wu Jian.
             Slain by a scorpion (4 damage)
             ... on level 4 of the Dungeon.
             The game lasted 00:24:56 (2603 turns).

Kzare the Conjurer (Deep Elf Conjurer)              Turns: 2603, Time: 00:25:07

Health: -1/28      AC:  4    Str:  4    XL:     5   Next: 48%
Magic:  8/14       EV: 12    Int: 25    God:    Wu Jian [*.....]
Gold:   155        SH:  0    Dex: 13    Spells: 10/13 levels left

rFire   . . .        k - staff of conjuration
rCold   . . .        (no shield)
rNeg    . . .        c - +0 robe
rPois   .            (no helmet)
rElec   .            (no cloak)
rCorr   .            h - +0 pair of gloves
SInv    .            p - +0 pair of boots
Will    .....        (no amulet)
Stlth   ++           g - ring of flight
HPRegen 0.24/turn    (no ring)
MPRegen 0.14/turn

%: no passive effects
@: lethally poisoned (-1 -> -11), flying
A: no striking features
a: Renounce Religion


You were on level 4 of the Dungeon.
You worshipped Wu Jian.
Wu Jian was aware of your devotion.
You visited 1 branch of the dungeon, and saw 4 of its levels.

You collected 155 gold pieces.

Inventory:

Hand Weapons
 l - the +8 hand axe of Disintegration {drain, rPois Dex+4}
   (You found it on level 2 of the Dungeon)

   Dex+4:     It affects your dexterity (+4).
   rPois:     It protects you from poison
Missiles
 e - 32 stones
Armour
 b - a +0 barding
 c - a +0 robe (worn)
 h - a +0 pair of gloves (worn)
 p - a +0 pair of boots (worn)
Magical Staves
 k - a staff of conjuration (weapon)
Jewellery
 g - a ring of flight (left hand)
Talismans
 d - a maw talisman
Scrolls
 a - a scroll of teleportation {unknown}
 j - 3 scrolls of identify
Potions
 f - 3 potions of might
 i - 2 potions of degeneration
 n - a potion of enlightenment


   Skills:
 + Level 3.0 Dodging
 + Level 2.9 Stealth
 + Level 4.8 Spellcasting
 + Level 6.3 Conjurations


You had 10 spell levels left.
You knew the following spells:

 Your Spells              Type           Power      Damage    Failure   Level
a - Magic Dart            Conj           100%       1d8       1%          1
b - Searing Ray           Conj           100%       2d8       1%          2

Your spell library contained the following spells:

 Spells                   Type           Power      Damage    Failure   Level
 Fulminant Prism          Conj/Alch      16%        3d10      22%         4
 Iskenderun's Mystic Bla  Conj/Tloc      33%        2d8       22%         4


Dungeon Overview and Level Annotations

Branches:
Dungeon (4/15)
 Temple: D:4-7

Altars:
Wu Jian


Message History

You feel a surge of power!
The magic dart hits the scorpion.
The scorpion is severely wounded.
You feel a surge of power!
The magic dart hits the scorpion.
The scorpion is almost dead.
You feel a surge of power!
The magic dart hits the scorpion but does no damage.
The scorpion is almost dead.
You feel a surge of power!
The magic dart hits the scorpion but does no damage.
The scorpion is almost dead.
The scorpion misses you.
You spin to attack the scorpion, but your attack speed is too slow for a blow to land.
The scorpion stings you.
You spin and attack the scorpion.
You barely miss the scorpion.
The scorpion is almost dead.
The scorpion closely misses you.
Found 13 gold pieces.
You spin and attack the scorpion.
You barely miss the scorpion.
The scorpion is almost dead.
The scorpion stings you.
You are poisoned.
The scorpion poisons you! The scorpion misses you.
You hit the scorpion but do no damage.
The scorpion is almost dead.
You feel very sick. The scorpion stings you.
You are lethally poisoned!
The scorpion poisons you!
You closely miss the scorpion.
The scorpion is almost dead.
You feel very sick. The scorpion barely misses you.
You are too injured to fight recklessly!
You spin to attack the scorpion, but your attack speed is too slow for a blow to land.
* * * LOW HITPOINT WARNING * * *
You feel very sick. The scorpion stings you.
* * * LOW HITPOINT WARNING * * *
The scorpion stings you.
You die...

##....$...#
..........#
#........#
#..).....#
#........#
#........+
#........###
#.s...#
#@.<..#
#.....#
#.....#
#.....#
#######


You could see a scorpion.

Vanquished Creatures
  An orc priest (D:3)
  Terence (D:2)
  Jessica (D:3)
  An orc wizard (D:3)
  A gnoll (D:1)
  3 adders (D:2)
  2 orcs (D:3)
  4 ball pythons
  10 endoplasms
  3 goblins
  3 hobgoblins
  11 kobolds
  5 quokkas
  A bat (D:1)
  3 frilled lizards
  4 rats
54 creatures vanquished.

Notes
Turn   | Place    | Note
-------+----------+-------------------------------------------
     0 | D:1      | Kzare the Deep Elf Conjurer began the quest for the Orb.
     0 | D:1      | Reached XP level 1. HP: 10/10 MP: 6/6
   180 | D:1      | Reached XP level 2. HP: 15/15 MP: 5/8
   514 | D:1      | Reached skill level 5 in Conjurations
   574 | D:1      | Reached XP level 3. HP: 19/19 MP: 7/10
   712 | D:2      | Identified the +8 hand axe of Disintegration {drain, rPois
                  | Dex+4}
   759 | D:2      | Learned a level 2 spell: Searing Ray
  1087 | D:2      | Reached XP level 4. HP: 24/24 MP: 6/11
  1095 | D:2      | Noticed Terence
  1108 | D:2      | Killed Terence
  1189 | D:2      | Found a faded altar of an unknown god.
  1193 | D:2      | Prayed at the altar of an unknown god.
  1193 | D:2      | Became a worshipper of the Wu Jian Council
  1193 | D:2      | Reached * piety under Wu Jian
  1862 | D:3      | Reached skill level 6 in Conjurations
  1869 | D:3      | Reached XP level 5. HP: 20/28 MP: 0/13
  1978 | D:3      | Noticed Jessica
  1981 | D:3      | Killed Jessica
  2603 | D:4      | Slain by a scorpion

Illustrated notes

Levels and vault maps discovered:
D:1:      lemuel_arrival_behind_the_door_large, layout_rooms,
          amcnicky_mini_corridor_feature
D:2:      layout_loops_ring, shapermc_ecumenical_altar_mp_urbaneastern,
          due_unseen_surprise, uniq_terence
D:3:      layout_loops_ring, uniq_jessica
D:4:      layout_gridville, serial_shops, shop, nicolae_grassy_gnolls,
          uniq_blork_the_orc, uniq_sigmund

Skill      XL: |  1  2  3  4 |
---------------+-------------+-----
Conjurations   | 5 6 |  6.3
Spellcasting   | 4 |  4.8
Dodging        | 3 |  3.0
Stealth        | |  2.9

Action                     |  1- 3 |  4- 6 || total
---------------------------+-------+-------++-------
  Melee: Staff             |       |    16 ||    16
   Cast: Magic Dart        |    48 |    50 ||    98
         Searing Ray       |     3 |     6 ||     9
Ability: Whirlwind         |       |     2 ||     2
    Use: Scroll            |       |     6 ||     6
         Potion            |       |     2 ||     2
 Armour: Robe              |     7 |    12 ||    19
  Dodge: Dodged            |    10 |    13 ||    23
